AoeStats
← VeteRocha

Arena

510236302Analyzed
2v2 RM · 2d ago on Sep 30, 2026· 52m 36s· 4 players
Game mode
Random Map
Map size
Medium (4 player)
Population
200
Speed
Normal
Resources
Standard
Victory
Conquest
Starting age
Dark Age
Ending age
Imperial Age
RankedLock teamsTeams togetherTeam positionsShared explorationLock speedFull tech treeHidden civsTurbo modeCheats
Victory
Defeat
🇺🇸 Spanish · United States
1105
+16
🇺🇸 Persians · United States
1100
+16
🇮🇱 Mongols · Israel
1129
-17
🇦🇷 Teutons · Argentina
1069
-15
The Gabe Lopez
11:35 Feudal Age
15:49 Castle Age
13:53 Double-Bit Axe
16:55 Horse Collar
17:09 Loom
23:39 Wheelbarrow
23:54 Bow Saw
25:16 Heavy Plow
26:13 Hand Cart
26:15 Gold Mining
26:21 Fletching
27:01 Bodkin Arrow
27:07 Padded Archer Armor
27:53 Town Watch
32:03 Imperial Age
28:59 Elite Skirmisher
29:45 Thumb Ring
30:47 Leather Archer Armor
30:45 Inquisition
31:02 Redemption
31:12 Sanctity
31:02 Fervor
32:01 Bloodlines
33:30 Husbandry
35:18 Conscription
35:44 Pikeman
36:24 Squires
37:24 Forging
37:14 Scale Mail Armor
36:56 Halberdier
39:08 Chain Mail Armor
38:43 Cavalier
40:37 Iron Casting
40:32 Plate Mail Armor
40:15 Scale Barding Armor
39:55 Light Cavalry
40:51 Hussar
45:14 Blast Furnace
44:34 Chain Barding Armor
48:18 Plate Barding Armor
48:47 Ballistics
48:31 Bracer
50:55 Chemistry
50:29 Ring Archer Armor
51:43 Masonry
zyconis1
10:50 Feudal Age
14:22 Castle Age
12:21 Double-Bit Axe
12:46 Horse Collar
18:54 Stone Mining
21:26 Loom
23:11 Gold Mining
24:37 Wheelbarrow
23:59 Town Watch
24:39 Bow Saw
25:02 Husbandry
25:58 Elite Skirmisher
26:46 Fletching
31:07 Imperial Age
29:32 Ballistics
29:48 Hand Cart
29:37 Heavy Plow
30:00 Thumb Ring
30:11 Bloodlines
30:20 Scale Barding Armor
30:30 Forging
30:57 Bodkin Arrow
31:25 Chain Barding Armor
33:07 Iron Casting
32:58 Conscription
32:41 Kamandaran
32:39 Crossbowman
32:48 Cavalier
35:06 Plate Barding Armor
35:13 Heavy Camel Rider
38:04 Blast Furnace
39:46 Gold Shaft Mining
38:49 Elite War Elephant
46:00 Two-Man Saw
47:32 Pikeman
48:12 Squires
47:59 Gambesons
48:17 Scale Mail Armor
48:56 Citadels
49:34 Devotion
50:32 Halberdier
kurdi
10:52 Feudal Age
11:26 Double-Bit Axe
14:58 Castle Age
13:01 Horse Collar
14:15 Stone Mining
14:51 Gold Mining
16:20 Bow Saw
21:37 Heavy Plow
27:43 Imperial Age
25:19 Padded Archer Armor
26:50 Gold Shaft Mining
26:07 Fletching
27:06 Padded Archer Armor
28:25 Forging
29:05 Fortified Wall
29:35 Conscription
30:34 Bloodlines
30:25 Husbandry
31:01 Scale Barding Armor
31:31 Iron Casting
30:44 Elite Steppe Lancer
32:20 Chain Barding Armor
34:42 Blast Furnace
36:37 Chemistry
36:35 Stone Shaft Mining
37:19 Heavy Camel Rider
42:32 Ballistics
47:31 Pikeman
48:12 Squires
47:53 Light Cavalry
48:37 Hussar
49:26 Scale Mail Armor
50:29 Chain Mail Armor
VeteRocha
8:16 Loom
10:41 Feudal Age
15:29 Castle Age
13:49 Double-Bit Axe
14:27 Horse Collar
15:16 Stone Mining
18:49 Loom
19:20 Bow Saw
21:52 Forging
22:48 Scale Mail Armor
23:40 Fletching
24:34 Chain Mail Armor
27:04 Iron Casting
33:42 Imperial Age
35:08 Ironclad
36:14 Bodkin Arrow
36:19 Padded Archer Armor
36:28 Padded Archer Armor
36:18 Elite Skirmisher
38:31 Leather Archer Armor
39:18 Blast Furnace
40:10 Ballistics
41:38 Chemistry
Connection lost

Rejoining the realm…

Still unreachable

The connection could not be restored.

Session expired

The server has moved on; the page needs a fresh start.